 Seeded DCSS version 0.27.1-2-g3b301248ec (webtiles) character file.

Game seed: 14551798346683263451 (custom seed)

3251 babuloseo the Spear-Bearer (level 10, -8/76 HPs)
             Began as a Human Gladiator on Oct 1, 2021.
             Was an Initiate of Gozag.
             Killed from afar by Erica (12 damage)
             ... with a lance of force
             ... on level 9 of the Dungeon.
             The game lasted 00:11:26 (6759 turns).

babuloseo the Spear-Bearer (Human Gladiator)        Turns: 6759, Time: 00:11:26

Health: -8/76      AC: 12    Str: 17    XL:     10   Next: 19%
Magic:  0/10       EV:  7    Int:  9    God:    Gozag
Gold:   740        SH:  0    Dex: 15    Spells: 9/9 levels left

rFire    . . .     SeeInvis +   C - +1 halberd (venom)
rCold    . . .     Faith    .   (shield currently unavailable)
rNeg     . . .     Spirit   +   H - +0 plate armour
rPois    .         Reflect  .   (helmet restricted)
rElec    .         Harm     .   v - +0 cloak
rCorr    .         Rampage  .   l - +0 pair of gloves
Will     .....                  (no boots)
Stlth    ..........             D - amulet of guardian spirit
HPRegen  1.22/turn              (no ring)
MPRegen  0.12/turn              (no ring)

@: no status effects
A: horns 1, talons 1, see invisible, regeneration 1
a: Renounce Religion, Potion Petition, Call Merchant, Bribe Branch


You were on level 9 of the Dungeon.
You worshipped Gozag.
Gozag was pleased with you.
You visited 1 branch of the dungeon, and saw 9 of its levels.

You collected 2475 gold pieces.
You spent 561 gold pieces at shops.
You paid 1174 gold pieces to Gozag.

Inventory:

Hand Weapons
 a - a +0 trident
 o - the +7 spear of Untimely Demise {antimagic, rCorr}
   (You found it on level 4 of the Dungeon)

   It reduces the magical energy of the wielder, and disrupts the spells and
   magical abilities of those it strikes.
   Natural abilities and divine invocations are not affected.
   rCorr:     It protects you from acid and corrosion.
 y - a +0 trident of venom
 C - a +1 halberd of venom (weapon)
Missiles
 d - 3 throwing nets (quivered)
Armour
 b - a +0 leather armour
 c - a +0 helmet
 e - a +0 ring mail
 g - a +3 scale mail of poison resistance
 l - a +0 pair of gloves (worn)
 n - a +0 scale mail
 v - a +0 cloak (worn)
 w - a +1 helmet of intelligence
 A - a +0 chain mail
 H - a +0 plate armour (worn)
Jewellery
 p - a ring of fire
 x - an amulet of regeneration
 D - an amulet of guardian spirit (around neck)
Wands
 u - a wand of flame (25)
Scrolls
 f - 3 scrolls of enchant armour
 i - 2 scrolls of blinking
 q - a scroll of brand weapon
 s - a scroll of magic mapping
 z - a scroll of noise
 E - 2 scrolls of identify
 G - a scroll of holy word
Potions
 h - 2 potions of brilliance {unknown}
 j - 2 potions of degeneration {unknown}
 k - 3 potions of curing {unknown}
 m - 3 potions of attraction
 r - a potion of berserk rage {unknown}
 t - a potion of ambrosia {unknown}
 B - a potion of haste {unknown}
 F - a potion of magic {unknown}


   Skills:
 + Level 6.2 Fighting
 * Level 9.5 Polearms
 - Level 6.0 Throwing
 + Level 1.2 Armour
 + Level 6.7 Dodging


You had 9 spell levels left.
You didn't know any spells.
Your spell library contained the following spells:

 Spells                   Type           Power      Damage    Failure   Level
 Magic Dart               Conj           0%         1d3       100%        1
 Blink                    Tloc           N/A        N/A       100%        2
 Call Imp                 Summ           0%         N/A       100%        2
 Searing Ray              Conj           0%         3d3       100%        2
 Dazzling Flash           Conj/Hex       0%         N/A       100%        3
 Lesser Beckoning         Tloc           0%         N/A       100%        3
 Mephitic Cloud           Conj/Pois/Air  0%         N/A       100%        3
 Fulminant Prism          Conj/Hex       0%         3d6       100%        4
 Agony                    Necr           0%         N/A       100%        5
 Manifold Assault         Tloc           0%         N/A       100%        5
 Silence                  Hex/Air        0%         N/A       100%        5


Dungeon Overview and Level Annotations

Branches:
Dungeon (9/15)
 Temple: D:4-7         Lair: D:8-11         Orc: D:9-12

Altars:
Elyvilon
Gozag
Qazlal
Ru
Sif Muna
Uskayaw
Wu Jian
Zin

Shops:
D:3 =   D:7 (

Annotations:
D:9 Erica


Innate Abilities, Weirdness & Mutations

You have a pair of small horns on your head.
You have sharp toenails.
You have supernaturally acute eyesight. (SInv)
Your natural rate of healing is unusually fast.


Message History

You closely miss Erica. You claw Erica.
Erica is moderately wounded.
Erica gestures at you while chanting. The lance of force hits you.
You are knocked back by the lance of force.
You barely miss Erica. Your kick misses Erica.
Erica is moderately wounded.
Erica screams, "I'll never tell where it is!"
Erica hits you with a +3 scimitar of flaming.
Erica burns you.
You closely miss Erica. You claw Erica. Your headbutt misses Erica.
Erica is moderately wounded.
Erica hits you with a +3 scimitar of flaming!
Erica burns you.
You closely miss Erica. You claw Erica, but do no damage.
Erica is moderately wounded.
Erica hits you with a +3 scimitar of flaming!
* * * LOW HITPOINT WARNING * * *
Erica burns you.
* * * LOW HITPOINT WARNING * * *
You puncture Erica! You claw Erica. You headbutt Erica.
Erica is severely wounded.
Erica hits you with a +3 scimitar of flaming.
* * * LOW HITPOINT WARNING * * *
Erica burns you.
* * * LOW HITPOINT WARNING * * *
Unknown command.
You closely miss Erica. Your kick misses Erica.
Erica is severely wounded.
Erica hits you with a +3 scimitar of flaming.
* * * LOW HITPOINT WARNING * * *
Erica burns you.
* * * LOW HITPOINT WARNING * * *
Your plate armour prevents you from hitting Erica.
Your kick misses Erica.
Erica is severely wounded.
Erica gestures at you while chanting. The lance of force hits you!
You die...
Your body crumbles into a pile of gold.

#.......#
#.......#
#####.......###
$
...............
..............<
..............#
..............#
.......@......#
.......@......#
.......<.......
###......#####.
#......#
#......#
###....# #....#
######


You could see Erica.

Vanquished Creatures
  A hornet (D:8)
  A wyvern (D:8)
  3 yaks (D:6)
  A steam dragon (D:8)
  Edmund (D:6)
  An acid dragon (D:7)
  2 water moccasins (D:7)
  An ice beast (D:7)
  2 orc warriors
  A black bear (D:6)
  2 necrophages
  2 phantoms (D:6)
  A bullfrog (D:7)
  A kobold brigand (D:5)
  2 wyvern zombies
  A scorpion (D:6)
  4 killer bees (D:8)
  3 wights (D:8)
  4 centaur zombies
  A bullfrog zombie (D:6)
  2 jellies (D:6)
  A hound (D:6)
  2 orc priests (D:5)
  4 orc wizards
  3 iguanas
  Robin (D:2)
  2 adders
  A white imp (D:7)
  2 adder skeletons (D:4)
  3 worms
  2 dart slugs
  11 orcs
  3 endoplasms
  A giant cockroach (D:1)
  14 goblins
  13 hobgoblins
  3 jackals (D:4)
  7 kobolds
  A quokka (D:2)
  6 ball pythons
  2 bats
  2 frilled lizards (D:1)
  2 rats (D:2)
123 creatures vanquished.

Vanquished Creatures (others)
  A fungus (D:8)
  9 plants (D:8)
10 creatures vanquished.

Grand Total: 133 creatures vanquished

Notes
Turn   | Place    | Note
-------+----------+-------------------------------------------
     0 | D:1      | babuloseo the Human Gladiator began the quest for the Orb.
     0 | D:1      | Reached XP level 1. HP: 16/16 MP: 1/1
     9 | D:2      | Found a stormy altar of Qazlal.
    20 | D:2      | Reached XP level 2. HP: 16/22 MP: 2/2
   291 | D:2      | Identified a scroll of acquirement
   291 | D:2      | Acquired 714 gold pieces
   320 | D:2      | Reached XP level 3. HP: 27/27 MP: 3/3
   696 | D:3      | Found an opulent altar of Gozag.
   704 | D:3      | Became a worshipper of Gozag Ym Sagoz the Greedy
   930 | D:3      | Found a faded altar of an unknown god.
  1344 | D:4      | Reached skill level 4 in Polearms
  1344 | D:4      | Reached XP level 4. HP: 26/33 MP: 4/4
  1615 | D:4      | Found a white marble altar of Elyvilon.
  1635 | D:4      | Noticed a necrophage
  1652 | D:4      | Killed a necrophage
  1653 | D:4      | Reached XP level 5. HP: 23/39 MP: 5/5
  1766 | D:4      | Identified the +7 spear of Untimely Demise {antimagic,
                  | rCorr}
  1897 | D:4      | Found a glowing silver altar of Zin.
  2019 | D:4      | Found an ornate altar of the Wu Jian Council.
  2781 | D:1      | Reached XP level 6. HP: 46/46 MP: 2/6
  3265 | D:2      | Noticed Robin
  3289 | D:2      | Killed Robin
  3467 | D:3      | Bought an amulet of regeneration for 420 gold pieces
  3526 | D:5      | Entered Level 5 of the Dungeon
  3540 | D:5      | Reached skill level 5 in Polearms
  3642 | D:5      | Noticed a +0 hand axe
  3642 | D:5      | Noticed a +0 dagger
  3721 | D:5      | Reached XP level 7. HP: 39/52 MP: 2/7
  3738 | D:5      | Found a hide-covered altar of Uskayaw.
  3968 | D:6      | Noticed a yak
  3968 | D:6      | Noticed a yak
  3981 | D:6      | Noticed a yak
  3987 | D:6      | Killed a yak
  3988 | D:6      | Reached skill level 6 in Polearms
  3988 | D:6      | Reached XP level 8. HP: 51/60 MP: 8/8
  3993 | D:6      | Killed a yak
  3994 | D:6      | Reached skill level 5 in Dodging
  4001 | D:6      | Killed a yak
  4112 | D:6      | Gained mutation: You evolve. [potion of mutation]
  4112 | D:6      | Gained mutation: You have a somewhat thin skeletal
                  | structure. (Dex +2, Stealth+) [potion of mutation]
  4158 | D:6      | Noticed Edmund
  4181 | D:6      | Killed Edmund
  4182 | D:6      | Reached skill level 7 in Polearms
  4239 | D:6      | Gained mutation: Your system is resistant to poisons.
                  | (rPois) [evolution]
  4239 | D:6      | Lost mutation: You evolve. [end of evolution]
  4374 | D:6      | Reached XP level 9. HP: 67/67 MP: 9/9
  4772 | D:8      | Lost mutation: You have a somewhat thin skeletal structure.
                  | (Dex +2, Stealth+) [potion of mutation]
  4772 | D:8      | Lost mutation: Your system is resistant to poisons. (rPois)
                  | [potion of mutation]
  4772 | D:8      | Gained mutation: Your muscles are strong. (Str +2) [potion
                  | of mutation]
  4772 | D:8      | Gained mutation: You have large cloven feet. [potion of
                  | mutation]
  4773 | D:8      | Lost mutation: You have large cloven feet. [potion of
                  | mutation]
  4773 | D:8      | Lost mutation: Your muscles are strong. (Str +2) [potion of
                  | mutation]
  4773 | D:8      | Gained mutation: You have sharp toenails. [potion of
                  | mutation]
  4773 | D:8      | Gained mutation: You have supernaturally acute eyesight.
                  | (SInv) [potion of mutation]
  4773 | D:8      | Gained mutation: Your natural rate of healing is unusually
                  | fast. [potion of mutation]
  4773 | D:8      | Gained mutation: You have a pair of small horns on your
                  | head. [potion of mutation]
  4816 | D:7      | Reached skill level 5 in Fighting
  4816 | D:7      | Reached skill level 5 in Throwing
  4831 | D:7      | Acquired 741 gold pieces
  4866 | D:7      | Bought a +1 halberd of venom for 141 gold pieces
  4913 | D:7      | Reached skill level 8 in Polearms
  6064 | D:8      | Noticed a hornet
  6070 | D:8      | Killed a hornet
  6071 | D:8      | Reached skill level 9 in Polearms
  6071 | D:8      | Reached XP level 10. HP: 71/76 MP: 8/10
  6268 | D:8      | Reached skill level 1 in Armour
  6305 | D:8      | Found a sacrificial altar of Ru.
  6661 | D:8      | Found a shimmering blue altar of Sif Muna.
  6744 | D:9      | Noticed Erica
  6758 | D:9      | HP: 3/76 [Erica (3)]
  6759 | D:9      | Killed from afar by Erica

Illustrated notes

Levels and vault maps discovered:
D:1:      lemuel_arrival_river_bridge, layout_rooms
D:2:      layout_loops_cross, basic_altar, serial_shops, shop,
          minmay_goblin_kobold_house, uniq_crazy_yiuf_cottage, uniq_robin
D:3:      layout_basic, grunt_gozag_breadcrumbs,
          hellmonk_ecumenical_altar_heavens_door
D:4:      layout_loops_ring, zin_treasury, elyvilon_altar_3,
          nzn_wu_jian_contemplation, serial_co_window_serial,
          co_window_corner_a, co_window_corner_a, co_window_of_opportunity_a,
          co_window_corner_a, co_window_paths_a, co_window_corner_b,
          co_window_paths_c, co_window_2corner, co_window_paths_c,
          co_window_of_opportunity_b, co_window_of_opportunity_c,
          co_window_of_opportunity_c, glass_columns_a, glass_columns_c
D:5:      layout_gridville, dancing_weapons_uskayaw, ashenzari_altar_1,
          kennysheep_mini_moat, minmay_temple_entry_statues_fountains,
          serial_shops, nicolae_shop_trees, kennysheep_crisscross,
          minmay_circle_x
D:6:      layout_basic, kennysheep_cross_bottleneck, grunt_ministairs_3,
          uniq_edmund
D:7:      layout_loops_corners
D:8:      layout_basic, nicolae_ru_the_path_less_chosen,
          lemuel_coloured_pillars_altar
D:9:      layout_irregular_city, grunt_temple_overflow_champion_of_chaos,
          david_lair_shrubbed, orc_0_dummy, uniq_erica

Skill      XL: |  1  2  3  4  5  6  7  8  9 10 |
---------------+-------------------------------+-----
Polearms       | 4 5 6 7 9 |  9.5
Dodging        | 4 5 6 |  6.7
Fighting       | 3 4 6 |  6.2
Throwing       | 3 4 6 |  6.0
Armour         | 1 |  1.2

Action                   |  1- 3 |  4- 6 |  7- 9 | 10-12 || total
-------------------------+-------+-------+-------+-------++-------
Melee: Trident           |    73 |    26 |   122 |       ||   221
       Spear             |       |   118 |     2 |       ||   120
       Halberd           |       |       |    93 |    42 ||   135
       Kick              |       |       |    27 |    12 ||    39
       Headbutt          |       |       |    23 |     8 ||    31
Invok: Call Merchant     |     1 |       |     1 |       ||     2
  Use: Scroll            |     1 |       |     8 |       ||     9
       Potion            |       |       |     5 |       ||     5
 Stab: Distracted        |       |     1 |       |       ||     1
Armor: Leather armour    |     8 |       |       |       ||     8
       Ring mail         |    15 |       |       |       ||    15
       Scale mail        |     5 |    54 |    40 |       ||    99
       Chain mail        |       |       |    49 |     4 ||    53
       Plate armour      |       |       |       |    10 ||    10
Dodge: Dodged            |    41 |    41 |    93 |     9 ||   184
